 Dungeon Crawl Stone Soup version 0.23-b1-13-gf37ab262a9 (webtiles) character file.

Game seed: 715832873895725083

4032 Ihlosi the Basher (level 10, -2/61 HPs)
             Began as a Kobold Fighter on Feb 3, 2019.
             Was a Believer of Elyvilon.
             Killed by divine providence
             ... invoked by an orc priest
              (15 damage)
             ... on level 9 of the Dungeon.
             The game lasted 00:34:56 (14758 turns).

Ihlosi the Basher (Kobold Fighter)                 Turns: 14758, Time: 00:34:56

Health: -2/61      AC: 13    Str: 16    XL:     10   Next: 48%
Magic:  10/10      EV: 15    Int: 10    God:    Elyvilon [**....]
Gold:   337        SH: 12    Dex: 17    Spells: 9/9 levels left

rFire    . . .     SeeInvis .   d - -1 whip (curse)
rCold    . . .     Gourm    .   n - +1 buckler
rNeg     . . .     Faith    .   t - +0 scale mail (curse)
rPois    +         Spirit   .   v - +2 hat
rElec    .         Reflect  +   k - +0 cloak
rCorr    .         Harm     .   (no gloves)
MR       .....                  N - +1 pair of boots {Stlth+}
Stlth    +.........             r - +4 amulet of reflection
HPRegen  0.20/turn              w - ring of poison resistance
MPRegen  0.12/turn              u - +2 ring of dexterity

@: no status effects
A: small, carnivore
a: Lesser Healing, Heal Other, Divine Protection, Renounce Religion


You were on level 9 of the Dungeon.
You worshipped Elyvilon.
Elyvilon was pleased with you.
You were completely stuffed.

You visited 2 branches of the dungeon, and saw 10 of its levels.

You collected 337 gold pieces.

Inventory:

Hand Weapons
 a - a +1 flail
 d - a cursed -1 whip (weapon)
 x - a +0 hand crossbow
Missiles
 i - 19 tomahawks (quivered)
 o - 63 bolts
 p - 34 poisoned needles
 q - 10 curare-tipped needles
Armour
 b - a +0 scale mail
 k - a +0 cloak (worn)
 n - a +1 buckler (worn)
 t - a cursed +0 scale mail (worn)
 v - a +2 hat (worn)
 y - a +0 helmet
 B - a cursed +0 helmet
 C - a +0 helmet
 G - the +1 pair of boots "Nestraed" {Int+3}
   (You acquired it on level 7 of the Dungeon)

   It affects your intelligence (+3).
 N - a +1 pair of boots of stealth (worn)
 Q - a +1 ring mail of fire resistance
Magical Staves
 S - an uncursed staff of cold {unknown}
Jewellery
 r - a +4 amulet of reflection (around neck)
 u - a +2 ring of dexterity (right hand)
 w - a ring of poison resistance (left hand)
 E - a cursed ring of teleportation {unknown}
 H - an uncursed amulet of faith {unknown}
 M - an uncursed ring of wizardry {unknown}
 R - an uncursed ring of positive energy {unknown}
Wands
 A - a wand of paralysis (1)
 F - a wand of flame (13)
 J - a wand of scattershot (1)
 P - a wand of random effects (11)
Scrolls
 e - 2 scrolls of amnesia
 g - 2 scrolls of fear
 l - a scroll of magic mapping
 m - 5 scrolls of enchant armour
 s - a scroll of enchant weapon
 D - 3 scrolls of teleportation
 I - a scroll of fog
 L - 2 scrolls of identify
Potions
 c - 3 potions of haste
 h - 2 potions of brilliance
 j - a potion of magic
 z - a potion of flight
 K - a potion of invisibility
 O - a potion of heal wounds
 T - a potion of might
Comestibles
 f - 19 rations
 U - a chunk of flesh


   Skills:
 * Level 6.5 Fighting
 * Level 8.0 Maces & Flails
 - Level 6.0 Armour
 - Level 6.0 Dodging
 * Level 5.7 Shields
 * Level 1.1 Invocations
 * Level 1.2 Evocations


You had 9 spell levels left.
You didn't know any spells.
Your spell library contained the following spells:

 Spells                   Type           Power        Failure   Level  Hunger
 Animate Skeleton         Necr           N/A          77%         1    ##.....
 Apportation              Tloc           #.....       77%         1    ##.....
 Beastly Appendage        Tmut           #.....       77%         1    ##.....
 Confusing Touch          Hex            #.....       77%         1    ##.....
 Summon Small Mammal      Summ           #...         77%         1    ##.....
 Call Imp                 Summ           #.......     88%         2    ###....
 Sticks to Snakes         Tmut           #.......     88%         2    ###....
 Call Canine Familiar     Summ           #.......     98%         3    ####...
 Spider Form              Tmut/Pois      #.........   98%         3    ####...
 Summon Guardian Golem    Hex/Summ       #.......     98%         3    ####...
 Ice Form                 Ice/Tmut       #.......     100%        4    #####..
 Summon Ice Beast         Ice/Summ       #.......     100%        4    #####..
 Summon Lightning Spire   Summ/Air       #.......     100%        4    #####..
 Blade Hands              Tmut           #.........   100%        5    ######.


Dungeon Overview and Level Annotations

Branches:
Dungeon (9/15)             Temple (1/1) D:4            Lair (0/6) D:8
    Orc: D:9-12

Altars:
Ashenzari
Cheibriados
Dithmenos
Elyvilon
Fedhas
Gozag
Hepliaklqana
Kikubaaqudgha
Makhleb
Nemelex Xobeh
Okawaru
Qazlal
Ru
Sif Muna
Trog
Uskayaw
Vehumet
Wu Jian
Xom
Yredelemnul
Zin
The Shining One

Shops:
D:4 }(

Annotations:
D:4 2 runed translucent doors, Majang's ghost, amateur GrEE
D:6 fire imp


Innate Abilities, Weirdness & Mutations

You are small and have problems with some larger weapons.
You are carnivorous and can eat meat at any time.


Message History

You block the orc priest's attack.
You hit the orc priest but do no damage.
The orc priest is heavily wounded.
The orc priest mumbles some strange prayers to Beogh against you.
Pain shoots through your body!
You barely miss the orc priest.
The orc priest is heavily wounded.
The orc priest miscasts a cantrip.
You hit the orc priest.
The orc priest is almost dead.
You hit the orc priest but do no damage.
The orc priest is almost dead.
The orc priest invokes the aid of Beogh against you.
Beogh smites you!
* * * LOW HITPOINT WARNING * * *
You hit the orc priest but do no damage.
The orc priest is almost dead.
The orc priest mumbles some strange prayers to Beogh against you.
Beogh smites you!
You die...

...............#
.............<.#
...............##
................##
##.###........#..####
##.###........##....# #
.##.....)......##.#
##.##....###.###.# #
...##....#.....#@#
.#..#....#.....#o#
............[....#
....#....#.....#.#
.........#.....#.......#
...###.#####†#####.###.#
...#..# #.....# ⌠.. ..
#.. #.....# ..# ## .#
#.......⌠ .⌠..


You could see an orc priest.

Vanquished Creatures
  2 hippogriffs
  A hog (D:8)
  A human (D:8)
  A water moccasin (D:6)
  A porcupine (D:8)
  3 orc warriors
  3 sky beasts
  3 phantoms
  2 ogres
  2 ice beasts
  A centaur (D:7)
  4 bullfrogs
  A wyvern zombie (D:8)
  4 scorpions
  2 howler monkeys (D:7)
  4 crimson imps
  A centaur zombie (D:7)
  6 hounds
  2 bullfrog skeletons
  A gnoll shaman (D:6)
  2 orc priests
  2 centaur skeletons (D:5)
  6 orc wizards
  Terence (D:3)
  3 iguanas
  9 worker ants
  A killer bee zombie (D:9)
  A worker ant zombie (D:7)
  5 gnolls (D:6)
  10 adders
  2 river rats (D:8)
  3 shadow imps
  2 adder skeletons (D:4)
  3 adder zombies
  A worm (D:2)
  3 dart slugs
  2 leopard geckos (D:1)
  23 orcs
  7 bats
  5 giant cockroaches
  4 goblins
  4 hobgoblins
  3 jackals
  4 quokkas
  A ball python (D:2)
  8 frilled lizards
  8 kobolds
  A leopard gecko skeleton (D:4)
  A quokka skeleton (D:6)
  8 rats
178 creatures vanquished.

Vanquished Creatures (others)
  A rat (D:2)
1 creature vanquished.

Grand Total: 179 creatures vanquished

Notes
Turn   | Place    | Note
-------+----------+-------------------------------------------
     0 | D:1      | Ihlosi the Kobold Fighter began the quest for the Orb.
     0 | D:1      | Reached XP level 1. HP: 14/14 MP: 1/1
   223 | D:1      | Reached XP level 2. HP: 19/19 MP: 2/2
   433 | D:1      | Reached skill level 2 in Maces & Flails
   802 | D:1      | Reached XP level 3. HP: 23/23 MP: 3/3
  1111 | D:2      | Reached skill level 1 in Dodging
  1111 | D:2      | Reached XP level 4. HP: 15/29 MP: 4/4
  2008 | D:2      | Reached XP level 5. HP: 32/33 MP: 5/5
  2286 | D:3      | Noticed a hippogriff
  2408 | D:3      | Reached skill level 3 in Maces & Flails
  2458 | D:3      | Found a shattered altar of Ashenzari.
  2795 | D:3      | Killed a hippogriff
  2795 | D:3      | Reached XP level 6. HP: 11/38 MP: 6/6
  3241 | D:3      | Noticed Terence
  3258 | D:3      | Killed Terence
  3258 | D:3      | Reached skill level 4 in Maces & Flails
  3449 | D:4      | Reached XP level 7. HP: 26/43 MP: 7/7
  3984 | D:4      | Found a large runed translucent door.
  3984 | D:4      | Found a large runed translucent door.
  3987 | D:4      | Noticed Majang's ghost (amateur GrEE)
  4949 | D:4      | Found Nopp's Gadget Emporium.
  4965 | D:4      | Found Wovvypa's Antique Weapon Emporium.
  5667 | D:4      | Reached XP level 8. HP: 48/48 MP: 8/8
  5796 | D:4      | Found a staircase to the Ecumenical Temple.
  5810 | Temple   | Entered the Ecumenical Temple
  6101 | Temple   | Became a worshipper of Elyvilon the Healer
  6148 | D:5      | Entered Level 5 of the Dungeon
  6197 | D:5      | Reached skill level 5 in Maces & Flails
  6645 | D:5      | Reached skill level 5 in Fighting
  7457 | D:5      | Reached * piety under Elyvilon
  7491 | D:5      | Found a stormy altar of Qazlal.
  8389 | D:6      | Reached skill level 5 in Armour
  8644 | D:7      | Reached XP level 9. HP: 52/54 MP: 9/9
  8720 | D:7      | Found a sacrificial altar of Ru.
  9169 | D:7      | Reached skill level 6 in Maces & Flails
  9976 | D:6      | Reached ** piety under Elyvilon
 11973 | D:8      | Reached skill level 7 in Maces & Flails
 12394 | D:7      | Identified 2 scrolls of acquirement
 12402 | D:7      | Got a pair of polished boots
 12413 | D:7      | Identified the +1 pair of boots "Nestraed" {Int+3} (You
                  | acquired it on level 7 of the Dungeon)
 12553 | D:8      | Reached skill level 5 in Dodging
 12553 | D:8      | Reached skill level 5 in Shields
 12966 | D:8      | HP: 1/55 [porcupine's spines (6)]
 12970 | D:8      | Reached XP level 10. HP: 26/60 MP: 10/10
 13986 | D:8      | Noticed a death yak
 13987 | D:8      | Noticed a death yak
 13988 | D:8      | Found a staircase to the Lair.
 14514 | D:9      | Reached skill level 1 in Invocations
 14514 | D:9      | Reached skill level 1 in Evocations
 14743 | D:9      | Reached skill level 8 in Maces & Flails
 14758 | D:9      | Killed from afar by an orc priest

Skill      XL: |  1  2  3  4  5  6  7  8  9 10 |
---------------+-------------------------------+-----
Maces & Flails | 2 3 4 5 7 8 |  8.0
Dodging        | 1 2 3 4 5 6 |  6.0
Armour         | 3 4 5 6 |  6.0
Fighting       | 4 5 6 |  6.5
Shields        | 3 4 5 |  5.7
Invocations    | 1 |  1.1
Evocations     | 1 |  1.2

Action                   |  1- 3 |  4- 6 |  7- 9 | 10-12 || total
-------------------------+-------+-------+-------+-------++-------
Melee: Flail             |    73 |   130 |   266 |       ||   469
       Whip              |       |       |  1037 |   416 ||  1453
Throw: Tomahawk          |       |       |    62 |       ||    62
Invok: Lesser Healing    |       |       |     1 |       ||     1
Evoke: Wand              |       |       |     4 |    14 ||    18
  Use: Scroll            |       |    11 |    11 |     1 ||    23
       Potion            |       |     4 |     8 |       ||    12
 Stab: Invisible         |       |       |     6 |       ||     6
       Paralysed         |       |       |       |    32 ||    32
  Eat: Chunk             |     9 |     5 |    32 |     9 ||    55
Armor: Scale mail        |    28 |    50 |   248 |    66 ||   392
       Skin              |       |    28 |     2 |       ||    30
Dodge: Dodged            |    27 |    61 |   507 |   138 ||   733
Block: Shield            |    36 |     1 |       |       ||    37
       Buckler           |       |    36 |   359 |   131 ||   526
       Reflection        |       |       |     1 |       ||     1
